 Dungeon Crawl Stone Soup version 0.17-a0-1248-g117de50 (webtiles) character file.

50 kidanger the Grave Robber (level 3, 0/28 HPs)
             Began as a Deep Dwarf Necromancer on June 5, 2015.
             Killed by nerve-wracking pain
             ... invoked by Jessica
              (10 damage)
             ... on level 2 of the Dungeon.
             The game lasted 00:08:25 (1487 turns).

kidanger the Grave Robber (Deep Dwarf Necromancer)  Turns: 1487, Time: 00:08:25

Health: 0/28       AC:  2    Str: 11    XL:     3   Next: 55%
Magic:  3/7        EV: 12    Int: 16    God:
Gold:   113        SH:  0    Dex: 13    Spells: 3 memorised, 2 levels left

rFire  . . .     SeeInvis .     (no weapon)
rCold  . . .     Clarity  .     a - +0 robe
rNeg   . . .     SustAt   .     (no shield)
rPois  .         Gourm    .     (no helmet)
rElec  .         Spirit   .     (no cloak)
rCorr  .         Warding  .     (no gloves)
rMut   .         Stasis   .     (no boots)
MR     .....                    (no amulet)
Stlth  +.........               (no ring)
                                (no ring)

@: confused, lethally poisoned (0 -> 0), non-regenerating, slowed, very slow,
not resistant to hostile enchantments, very unstealthy
A: damage resistance, recharge devices, sense surroundings 1, slow healing 3
a: Device Recharging


You were on level 2 of the Dungeon.
You were hungry.

You visited 1 branch of the dungeon, and saw 2 of its levels.

You collected 113 gold pieces.

Inventory:

Armour
 a - a +0 robe (worn)
Magical devices
 c - a wand of heal wounds (3)
Scrolls
 e - 4 scrolls of identify {unknown}
 h - a scroll of noise {unknown}
 k - 2 scrolls of enchant weapon {unknown}
 o - a scroll of recharging {unknown}
Potions
 g - a potion of magic {unknown}
 i - 3 potions of might {unknown}
 j - a potion of poison {unknown}
 l - a potion of haste
 n - 2 potions of flight {unknown}
 q - a potion of agility {unknown}
Books
 b - a book of Necromancy

   Spells                             Type                      Level
   a - Pain                           Necromancy                   1
   b - Animate Skeleton               Necromancy                   1
   c - Vampiric Draining              Necromancy                   3
   d - Regeneration                   Charms/Necromancy            3
   e - Animate Dead                   Necromancy                   4
   f - Control Undead                 Necromancy                   4
Comestibles
 d - a bread ration
 f - a royal jelly
 m - a meat ration


   Skills:
 * Level 0.1 Fighting
 + Level 2.2 Dodging
 + Level 2.5 Stealth
 + Level 2.7 Spellcasting
 + Level 5.0 Necromancy


You had 2 spell levels left.
You knew the following spells:

 Your Spells              Type           Power        Failure   Level  Hunger
a - Pain                  Necr           ###.         2%          1    #......
b - Animate Skeleton      Necr           N/A          2%          1    #......
c - Vampiric Draining     Necr           ###.......   10%         3    ###....


Dungeon Overview and Level Annotations

Branches:
Dungeon (2/15)

Altars:
Gozag
Nemelex Xobeh

Annotations:
D:2 Jessica


Innate Abilities, Weirdness & Mutations

You are resistant to damage.
You can recharge devices by infusing magical energy.
You passively map a small area around you.
You do not heal naturally.


Message History

You bump into the rock wall.
Jessica zaps a wand.
You resist with some effort.
You bump into the rock wall.
Jessica closely misses you.
You hit Jessica but do no damage.
Jessica is severely wounded.
Jessica zaps a wand.
You resist with some effort.
You bump into the rock wall.
Jessica zaps a wand.
You resist with some effort.
You're too confused to cast spells.
You're too confused!
You closely miss Jessica.
Jessica is severely wounded.
Jessica zaps a wand.
You are more confused.
You hit Jessica.
Jessica is almost dead.
Jessica gestures at you while chanting.
You feel yourself slow down.
You're too confused to move!
Jessica hits you. Jessica gestures at you while chanting.
Pain shoots through your body!
You die...

#....Z..........#
#.#Z#
#############.#.#
#.#.# #.#.# #.#.#
#.#.# #Z#.# #.#.#
#.#.#
#.#.####...#
#.#...######
#.###.# #..@@.#
#.###.# ### #.#
###


You could see Jessica.

Vanquished Creatures
  2 adders (D:2)
  A giant gecko (D:1)
  A giant cockroach (D:2)
  4 hobgoblins
  6 kobolds
  6 bats
  A giant newt (D:1)
  5 goblins
  4 rats (D:1)
30 creatures vanquished.

Vanquished Creatures (collateral kills)
  A giant cockroach (D:1)
  A kobold (D:1)
2 creatures vanquished.

Grand Total: 32 creatures vanquished

Notes
Turn   | Place    | Note
--------------------------------------------------------------
     0 | D:1      | kidanger the Deep Dwarf Necromancer began the quest for the Orb.
     0 | D:1      | Reached XP level 1. HP: 15/15 MP: 3/3
    35 | D:1      | Learned a level 1 spell: Animate Skeleton
   377 | D:1      | Reached XP level 2. HP: 22/22 MP: 1/4
   704 | D:1      | Found a sparkling altar of Nemelex Xobeh.
   989 | D:2      | Reached XP level 3. HP: 28/28 MP: 1/6
   999 | D:2      | Learned a level 3 spell: Vampiric Draining
  1055 | D:2      | Found an opulent altar of Gozag.
  1403 | D:2      | Noticed Jessica
  1456 | D:2      | Reached skill level 5 in Necromancy
  1487 | D:2      | Killed from afar by Jessica

Vault maps used:
D:1:      dpeg_arrival_subterranean_lakeside_camping, kennysheep_nondescript,
          hex_medium, nemelex_xobeh_ov_fountains_minmay
D:2:      grunt_temple_overflow_magic_moments, overflow_temple_1_default,
          serial_park_tiny_1, grunt_ministairs_6, tgw_kikubaaqudgha,
          uniq_jessica, uniq_sigmund

Action                   || total
-------------------------++-------
Melee: Unarmed           ||    19
 Cast: Pain              ||    63
       Animate Skeleton  ||     9
Evoke: Wand              ||     2
  Eat: Chunk             ||     2
